 Dungeon Crawl Stone Soup version 0.30.0-29-ga12c61a403 (webtiles) character file.

Game seed: 11515579293100910734

44 hawla the Firebug (level 4, 0/33 HPs)
             Began as a Meteoran Fire Elementalist on June 9, 2023.
             Slain by an adder (4 damage)
             ... on level 3 of the Dungeon.
             The game lasted 00:01:47 (153 turns).

hawla the Firebug (Meteoran Fire Elementalist)       Turns: 153, Time: 00:01:48

Health: 0/33       AC:  2    Str: 10    XL:     4   Next: 8%
Magic:  0/9        EV: 13    Int: 18    God:
Gold:   6          SH:  0    Dex: 14    Spells: 6/9 levels left

rFire   . . .        (no weapon)
rCold   . . .        (no shield)
rNeg    . . .        a - +0 robe
rPois   .            (no helmet)
rElec   .            (no cloak)
rCorr   .            (no gloves)
SInv    .            (no boots)
Will    .....        (no amulet)
Stlth   +            (no ring)
HPRegen 0.25/turn    (no ring)
MPRegen 0.11/turn

%: no passive effects
@: glowing
A: sense surroundings 1, otherworldly, glowing, explore regen
a: no special abilities


You were on level 3 of the Dungeon.
You visited 1 branch of the dungeon, and saw 3 of its levels.

You collected 6 gold pieces.

Inventory:

Armour
 a - a +0 robe (worn)
Scrolls
 d - a scroll of enchant weapon {unknown}
 e - a scroll of fear {unknown}
Potions
 b - a potion of magic
 c - a potion of haste {unknown}


   Skills:
 + Level 3.2 Dodging
 - Level 1.4 Stealth
 + Level 3.2 Spellcasting
 + Level 1.5 Conjurations
 + Level 4.4 Fire Magic


You had 6 spell levels left.
You knew the following spells:

 Your Spells              Type           Power      Damage    Failure   Level
a - Foxfire               Conj/Fire      52%        2x1d6     4%          1
b - Scorch                Fire           36%        2d6       3%          2

Your spell library contained the following spells:

 Spells                   Type           Power      Damage    Failure   Level
 Inner Flame              Hex/Fire       10%        N/A       19%         3
 Volatile Blastmotes      Fire/Tloc      20%        2d11      19%         3
 Flame Wave               Conj/Fire      13%        2d6       41%         4


Dungeon Overview and Level Annotations

Branches:
Dungeon (3/15) Zot: 1647

Altars:
Elyvilon

Shops:
D:2 [


Innate Abilities, Weirdness & Mutations

You passively map a small area around you.
You are easily found by Zot.
You glow in the dark.
You regain HP and MP as you explore.


Message History

Confirm with . or Enter, or press ? or * to list all spells.
Flames lash the worm.
You kill the worm!
You hear an angry hiss.
A giant cockroach comes into view.
An endoplasm comes into view.
You have reached level 4!
The foxfire hits the endoplasm.
The endoplasm is moderately wounded.
An adder comes into view.
Your foxfire dissipates!
Found a chain mail and 18 gold pieces.
You see here a +0 chain mail.
Casting: Scorch (safe; 3% risk of failure)
Confirm with . or Enter, or press ? or * to list all spells.
You conjure some foxfire!
The endoplasm hits you.
* * * LOW HITPOINT WARNING * * *
Casting: Foxfire (safe; 4% risk of failure)
Confirm with . or Enter, or press ? or * to list all spells.
Flames lash the giant cockroach.
You kill the giant cockroach!
The foxfire hits the adder.
The adder is lightly wounded.
The foxfire hits the endoplasm but does no damage.
The adder misses you. The endoplasm freezes you.
You are frozen.
* * * LOW HITPOINT WARNING * * *
Casting: Scorch (safe; 3% risk of failure)
Confirm with . or Enter, or press ? or * to list all spells.
You conjure some foxfire!
The adder closely misses you.
The endoplasm hits you but does no damage.
The endoplasm attacks as you move away! The endoplasm hits you.
* * * LOW HITPOINT WARNING * * *
The foxfire hits the adder.
The adder is heavily wounded.
The foxfire hits the adder.
The adder is almost dead.
The endoplasm attacks as you move away! The endoplasm closely misses you.
The adder attacks as you move away! The adder bites you.
You die...

*.#######..#.#
..........#.# *
#########.#.# *
###...S.B....# *
#..†######.###
######.# #.#
#.....[# #.#
#.###JS# ##S# ,
#§@# * #†.# *
#....##....)....#
#....##.#.#.#.#.#
#######.....?...*
, ,, ,,
..#.#.#,#.# *
##.. ... .# * , #
# #.# # , , ,
,... ,


You could see an adder and an endoplasm.

Vanquished Creatures
  Natasha (D:3)
  A worm (D:3)
  A dart slug (D:2)
  A bat (D:2)
  2 endoplasms
  A giant cockroach (D:3)
  2 hobgoblins (D:2)
  2 kobolds
  A quokka (D:2)
  A goblin (D:2)
13 creatures vanquished.

Vanquished Creatures (others)
  29 foxfires
29 creatures vanquished.

Grand Total: 42 creatures vanquished

Notes
Turn   | Place    | Note
-------+----------+-------------------------------------------
     0 | D:1      | hawla the Meteoran Fire Elementalist began the quest for
                  | the Orb.
     0 | D:1      | Reached XP level 1. HP: 14/14 MP: 5/5
    47 | D:2      | Reached XP level 2. HP: 20/20 MP: 0/6
    50 | D:2      | Learned a level 2 spell: Scorch
    62 | D:2      | Reached skill level 4 in Fire Magic
    64 | D:2      | Found Rafo's Armour Boutique.
    78 | D:2      | Found a white marble altar of Elyvilon.
    91 | D:3      | Noticed Natasha
    93 | D:3      | Killed Natasha
    94 | D:3      | Reached XP level 3. HP: 26/26 MP: 2/8
   133 | D:3      | Reached XP level 4. HP: 3/33 MP: 2/9
   153 | D:3      | Slain by an adder

Illustrated notes

Levels and vault maps discovered:
D:1:      amcnicky_arrival_flooded_fountain, layout_basic,
          shapermc_ecumenical_altar_starsandcircs, serial_shops,
          nicolae_square_shop
D:2:      layout_basic, serial_shops, nicolae_shop_just_a_little_nook,
          basic_altar, nicolae_wormholes
D:3:      layout_basic, chequers_temple_overflow_statue_of_worship, st_stairs_2,
          minmay_misc_feat_cross, uniq_ijyb, uniq_natasha

Skill      XL: |  1  2 |
---------------+-------+-----
Fire Magic     | 4 |  4.4
Dodging        | 3 |  3.2
Spellcasting   | 3 |  3.2
Stealth        | |  1.4
Conjurations   | |  1.5

Action                     |  1- 3 |  4- 6 || total
---------------------------+-------+-------++-------
  Melee: Unarmed           |     5 |       ||     5
   Cast: Foxfire           |    17 |     2 ||    19
         Scorch            |     3 |     1 ||     4
 Armour: Robe              |     2 |     1 ||     3
  Dodge: Dodged            |     7 |     3 ||    10
